 Dungeon Crawl Stone Soup version 0.29.1-1-gd02db6906a (webtiles) character file.

Game seed: 5285749401594287147

1859 tardwrangler69 the Geomancer (level 9, -6/51 HPs)
             Began as an Octopode Earth Elementalist on Oct 4, 2022.
             Mangled by a troll (13 damage)
             ... on level 6 of the Dungeon.
             The game lasted 00:08:01 (6547 turns).

tardwrangler69 the Geomancer (OpEE)                 Turns: 6547, Time: 00:08:01

Health: -6/51      AC:  5    Str:  7    XL:     9   Next: 13%
Magic:  20/20      EV: 13    Int: 22    God:
Gold:   313        SH:  0    Dex: 12    Spells: 22/23 levels left

rFire   . . .      SeeInvis .   (no weapon)
rCold   . . .      Faith    .   (no shield)
rNeg    . . .      Spirit   .   d - +2 hat
rPois   +          Reflect  .   j - amulet of magic regeneration
rElec   .          Harm     .   (no ring)
rCorr   .          Rampage  .   (no ring)
Will    .....                   (no ring)
Stlth   +++.......              (no ring)
HPRegen 0.17/turn               (no ring)
MPRegen 0.57/turn               (no ring)
                                (no ring)
                                (no ring)

@: brilliant
A: almost no armour, amphibious, 8 rings, camouflage 1, gelatinous body 1,
(nimble swimmer 1), tentacles, iridescent scales 1, poison resistance
a: no special abilities


You were on level 6 of the Dungeon.
You visited 1 branch of the dungeon, and saw 6 of its levels.

You collected 313 gold pieces.

Inventory:

Hand Weapons
 s - the +5 sling of Faor Ramo {vorpal, rC- Str+10 SInv}
   (You found it on level 5 of the Dungeon)

   Any ammunition fired from it inflicts extra damage upon your enemies.
   Str:       It affects your strength (+10).
   rC:        It makes you vulnerable to cold.
   SInv:      It lets you see invisible.
Missiles
 t - 2 throwing nets
Armour
 d - a +2 hat (worn)
Jewellery
 j - an amulet of magic regeneration (around mantle)
 m - an amulet of regeneration
Scrolls
 e - a scroll of magic mapping
 i - a scroll of butterflies
 k - 6 scrolls of teleportation {unknown}
 l - a scroll of fear {unknown}
 p - a scroll of silence {unknown}
 q - a scroll of brand weapon {unknown}
 r - a scroll of immolation {unknown}
 u - a scroll of identify
 v - a scroll of noise {unknown}
Potions
 a - a potion of magic
 b - 3 potions of attraction
 c - a potion of degeneration {unknown}
 f - a potion of mutation
 g - a potion of curing
 n - a potion of berserk rage
 o - a potion of heal wounds {unknown}


   Skills:
 - Level 2.0 Dodging
 - Level 2.6 Stealth
 + Level 7.7 Spellcasting
 - Level 1.0 Transmutations
 + Level 8.8 Earth Magic


You had 22 spell levels left.
You knew the following spells:

 Your Spells              Type           Power      Damage    Failure   Level
a - Sandblast             Erth           100%       2d20      1%          1

Your spell library contained the following spells:

 Spells                   Type           Power      Damage    Failure   Level
 Passwall                 Tmut/Erth      37%        N/A       1%          2
 Stone Arrow              Conj/Erth      82%        3d12      3%          3
 Beastly Appendage        Tmut           38%        N/A       4%          1
 Wereblood                Tmut           19%        N/A       8%          2
 Petrify                  Tmut/Erth      45%        N/A       10%         4
 Spider Form              Tmut/Pois      16%        N/A       19%         3
 Ignite Poison            Fire/Tmut/Pois 15%        N/A       21%         3
 Conjure Flame            Conj/Fire      12%        6-21      22%         3
 Sticky Flame             Conj/Fire      12%        2d4       58%         4


Dungeon Overview and Level Annotations

Branches:
Dungeon (6/15)
 Temple: D:4-7

Altars:
Ashenzari
Elyvilon
Hepliaklqana
Makhleb
Sif Muna
Trog
Uskayaw
Zin

Shops:
D:3 =

Annotations:
D:3 2 transporters, Fractals's ghost, amateur TeCj
D:6 1 runed translucent door, exclusion: troll, Crazy Yiuf; Sigmund


Innate Abilities, Weirdness & Mutations

You cannot wear most types of armour.
You are amphibious.
You can wear up to eight rings at the same time.
Your skin changes colour to match your surroundings (Stealth+).
Your rubbery body absorbs attacks. (AC +1, EV +1)
((You are camouflaged when in or above water. (Stealth+)))
You have tentacles for arms and can constrict up to eight enemies at once.
You are partially covered in iridescent scales. (AC +2)
Your system is resistant to poisons. (rPois)


Message History

Sigmund points at you and mumbles some strange words.
You are confused.
You bump into the rock wall.
You bump into the rock wall.
Sigmund gestures at you while chanting. The puff of flame hits you.
You bump into the rock wall.
You bump into the rock wall.
Sigmund screams, "Die, monster!"
You feel less confused.
The troll barely misses you. x2; The troll misses you.
Sigmund hits you from afar with a +0 scythe.
You closely miss the troll. You squeeze the troll!
The troll is lightly wounded.
The troll completely misses you. The troll barely misses you.
The troll claws you!
Sigmund casts a spell.
Sigmund flickers and vanishes!
Deactivating autopickup; reactivate with Ctrl-A.
The troll attacks as you move away! The troll bites you!
* * * LOW HITPOINT WARNING * * *
The troll completely misses you. The troll closely misses you.
Okay, then.
Okay, then.
You feel better. The troll misses you. The troll claws you.
The troll claws you but does no damage. The troll attacks as you move away!
The troll bites you!
* * * LOW HITPOINT WARNING * * *
The troll claws you.
* * * LOW HITPOINT WARNING * * *
The troll barely misses you.
It was a potion of brilliance.
You feel clever all of a sudden. The troll bites you but does no damage.
The troll completely misses you. The troll barely misses you.
You feel better. Something hits you!
* * * LOW HITPOINT WARNING * * *
The troll completely misses you. The troll claws you but does no damage.
The troll claws you!
You die...

# #.....))...# #.#..#...#
######......###.# #.#....#.##
########....# #.####.........#
##.....###### #.##.....#..#..#
.#.###.# #####.##.###.#..#..#
.'.#...# #.....##.# #.......#
.'.#._.# #.....##.# ###.#.#.#
.'.#...####........###.....#.#
.#.###.#..'.....@T{......>##.#
.#.....####....#######.#...#.#
######## #.....# ###.#...#.#
#...### ##....# #.......#'####
#...# #....# #.#...........
#...# ♣..P.♣ #.............
##...##### ♣..P♣♣
#.......###### .........#
♣♣.♣♣ #.......# # ...#######
♣.♣♣ #...##..# #


You could see a troll.

Vanquished Creatures
  Pikel (D:6)
  Grinder (D:4)
  Eustachio (D:6)
  A black bear (D:6)
  3 ogres
  A centaur (D:5)
  2 lemures (D:6)
  A kobold brigand (D:6)
  A necrophage (D:6)
  A scorpion (D:6)
  An orc priest (D:4)
  2 hounds
  A gnoll bouda (D:6)
  2 orc wizards
  11 gnolls
  13 adders
  A shadow imp (D:5)
  A worm (D:5)
  4 dart slugs
  13 orcs
  6 bats
  2 endoplasms (D:1)
  A giant cockroach (D:1)
  6 goblins
  5 hobgoblins
  3 jackals (D:4)
  8 kobolds
  2 quokkas
  A ball python (D:1)
  4 frilled lizards
  4 rats
104 creatures vanquished.

Vanquished Creatures (others)
  A fungus (D:6)
1 creature vanquished.

Grand Total: 105 creatures vanquished

Notes
Turn   | Place    | Note
-------+----------+-------------------------------------------
     0 | D:1      | tardwrangler69 the Octopode Earth Elementalist began the
                  | quest for the Orb.
     0 | D:1      | Reached XP level 1. HP: 11/11 MP: 3/3
   221 | D:1      | Reached XP level 2. HP: 17/17 MP: 1/5
   922 | D:2      | Reached XP level 3. HP: 9/21 MP: 4/7
  1614 | D:2      | Found a faded altar of an unknown god.
  1743 | D:2      | Reached skill level 4 in Earth Magic
  1743 | D:2      | Reached XP level 4. HP: 27/27 MP: 5/8
  2081 | D:3      | Found a transporter.
  2089 | D:3      | Found a transporter.
  2129 | D:3      | Noticed Fractals's ghost (amateur TeCj)
  2264 | D:3      | Found a broken altar of Ashenzari.
  2265 | D:3      | Found a burning altar of Makhleb.
  2322 | D:3      | Found a faded altar of an unknown god.
  2326 | D:3      | Found a hide-covered altar of Uskayaw.
  2542 | D:3      | Found Qail's Jewellery Shoppe.
  2813 | D:4      | Noticed Grinder
  2862 | D:4      | Found a glowing silver altar of Zin.
  2888 | D:4      | Reached XP level 5. HP: 31/31 MP: 5/10
  3125 | D:4      | Killed Grinder
  3126 | D:4      | Reached skill level 5 in Earth Magic
  3126 | D:4      | Reached XP level 6. HP: 36/36 MP: 6/12
  3300 | D:4      | Reached skill level 5 in Spellcasting
  3300 | D:4      | Reached XP level 7. HP: 41/41 MP: 9/14
  3384 | D:4      | Found a hazy altar of Hepliaklqana.
  3423 | D:4      | Reached skill level 6 in Earth Magic
  4062 | D:5      | Entered Level 5 of the Dungeon
  4188 | D:5      | Identified the +5 sling of Faor Ramo {vorpal, rC- Str+10
                  | SInv}
  4249 | D:5      | Found a white marble altar of Elyvilon.
  4332 | D:5      | Found a shimmering blue altar of Sif Muna.
  5440 | D:6      | Noticed Eustachio
  5483 | D:6      | Reached XP level 8. HP: 46/46 MP: 14/16
  5500 | D:6      | Found a bloodstained altar of Trog.
  5508 | D:6      | Found a runed translucent door.
  5509 | D:6      | Noticed Crazy Yiuf
  5542 | D:6      | Reached skill level 7 in Earth Magic
  5651 | D:6      | Noticed Pikel
  5673 | D:6      | Gained mutation: Your system is resistant to poisons.
                  | (rPois) [potion of mutation]
  5673 | D:6      | Gained mutation: You are partially covered in iridescent
                  | scales. (AC +2) [potion of mutation]
  5679 | D:6      | Killed Pikel
  5680 | D:6      | Reached skill level 8 in Earth Magic
  6115 | D:6      | Reached XP level 9. HP: 19/51 MP: 17/20
  6326 | D:6      | Killed Eustachio
  6498 | D:6      | Noticed a troll
  6507 | D:6      | Noticed Sigmund
  6547 | D:6      | Mangled by a troll

Illustrated notes

Levels and vault maps discovered:
D:1:      nzn_arrival_crosshair, layout_basic
D:2:      layout_rooms, shapermc_ecumenical_altar_petra, grunt_decor_cap,
          minmay_pentomino_s4
D:3:      layout_basic, gammafunk_temple_overflow_statue,
          nicolae_overflow_ecumenical_swirl, gammafunk_ghost_stat_death,
          serial_shops, shop
D:4:      layout_layer_cave, kennysheep_mini, overflow_temple_1_default,
          uniq_grinder
D:5:      layout_gridville, elyvilon_altar_4, tgw_sif,
          chequers_serial_rivers_room_b
D:6:      layout_basic, mainiacjoe_overflow_alcove_4,
          hangedman_abyss_or_decor_stagger, chequers_serial_rivers_room_b,
          minivault_10, chequers_serial_rivers_marsh, uniq_pikel,
          uniq_crazy_yiuf_cottage, uniq_eustachio, uniq_sigmund

Skill      XL: |  1  2  3  4  5  6  7  8 |
---------------+-------------------------+-----
Spellcasting   | 3 4 5 7 |  7.7
Earth Magic    | 4 5 6 8 |  8.8
Dodging        | |  2.0
Stealth        | |  2.6
Transmutations | |  1.0

Action                   |  1- 3 |  4- 6 |  7- 9 || total
-------------------------+-------+-------+-------++-------
Melee: Unarmed           |     2 |     1 |     1 ||     4
       Constrict         |     1 |       |       ||     1
       Tentacles         |       |       |     1 ||     1
 Cast: Sandblast         |    37 |    35 |   108 ||   180
  Use: Scroll            |       |     9 |       ||     9
       Potion            |       |       |     5 ||     5
Armor: Skin              |     1 |     3 |    14 ||    18
Dodge: Dodged            |    12 |    10 |    51 ||    73
